 Dungeon Crawl Stone Soup version 0.23.1 (webtiles) character file.

Game seed: 10062760520758321716

89 Kairos the Sneak (level 4, -1/23 HPs)
             Began as a Vine Stalker Assassin on Mar 14, 2019.
             Slain by an orc priest
             ... wielding a cursed -2 flail
              (6 damage)
             ... on level 3 of the Dungeon.
             The game lasted 00:02:03 (1821 turns).

Kairos the Sneak (Vine Stalker Assassin)            Turns: 1821, Time: 00:02:04

Health: -1/23      AC:  4    Str: 13    XL:     4   Next: 55%
Magic:  0/5        EV: 12    Int: 11    God:
Gold:   164        SH:  0    Dex: 17    Spells: 3/3 levels left

rFire    . . .     SeeInvis .   a - +2 dagger
rCold    . . .     Gourm    .   (no shield)
rNeg     . . .     Faith    .   c - +0 robe
rPois    .         Spirit   +   (no helmet)
rElec    .         Reflect  .   d - +0 cloak
rCorr    .         Harm     .   i - +0 pair of gloves
MR       .....                  (no boots)
Stlth    ++++......             (no amulet)
HPRegen  0.47/turn              (no ring)
MPRegen  0.09/turn              (no ring)

@: no status effects
A: fangs 2, regeneration 1, magic shield, antimagic bite, no potion heal 3, rot
immunity
a: no special abilities


You were on level 3 of the Dungeon.
You were not hungry.

You visited 1 branch of the dungeon, and saw 3 of its levels.

You collected 164 gold pieces.

Inventory:

Hand Weapons
 a - a +2 dagger (weapon)
 b - a +0 blowgun
Missiles
 e - 23 poisoned needles
 f - 9 curare-tipped needles
 m - 4 javelins (quivered)
Armour
 c - a +0 robe (worn)
 d - a +0 cloak (worn)
 i - a +0 pair of gloves (worn)
Scrolls
 h - 2 scrolls of remove curse
 p - a scroll of blinking {unknown}
Potions
 j - a potion of magic {unknown}
 k - a potion of mutation {unknown}
 l - a potion of curing {unknown}
 n - a potion of resistance {unknown}
Comestibles
 g - 4 rations
 o - 2 chunks of flesh


   Skills:
 + Level 2.3 Fighting
 + Level 2.2 Short Blades
 + Level 1.8 Throwing
 + Level 1.0 Dodging
 + Level 6.6 Stealth


You had 3 spell levels left.
You didn't know any spells.
Your spell library contained the following spells:

 Spells                   Type           Power        Failure   Level  Hunger
 Beastly Appendage        Tmut           #.....       34%         1    ##.....
 Sticks to Snakes         Tmut           #.......     47%         2    ###....
 Spider Form              Tmut/Pois      #.........   71%         3    ####...
 Ice Form                 Ice/Tmut       #.......     98%         4    #####..
 Blade Hands              Tmut           #.........   100%        5    ######.


Dungeon Overview and Level Annotations

Branches:
Dungeon (3/15)

Altars:
Ru


Innate Abilities, Weirdness & Mutations

You have extremely sharp teeth.
Your natural rate of healing is unusually fast.
When hurt, damage is shared between your health and your magic reserves.
Your bite disrupts and absorbs the magic of your enemies.
Potions cannot restore your health.
You are immune to rotting.


Message History

You are too injured to fight recklessly!
You are too injured to fight recklessly!
You are too injured to fight recklessly!
You are too injured to fight recklessly!
You are too injured to fight recklessly!
You are too injured to fight recklessly!
Unknown command.
The orc priest invokes the aid of Beogh against you.
Beogh smites you!
* * * LOW HITPOINT WARNING * * *
The orc shouts!
You hit the orc priest.
The orc priest is lightly wounded.
You hear a shout!
The orc priest closely misses you.
You closely miss the orc priest.
You bite the orc priest, but do no damage.
The orc priest is lightly wounded.
The orc priest hits you with a cursed -2 flail!
You die...

. #. #.##.# #'
#.#####.##.#
##'#####.......##.#
#......#######).#.#
#oo.o.. ##.#.###
#g..o.. #.._..####
#......#####
###.#..... #o...#
#...###.
#@...############.
#....'.......)..[.
#..(.#############
#....# #.#### #.#
#.# #.# #.#


You could see an orc priest and an orc wizard.

Vanquished Creatures
  A worker ant (D:3)
  2 adders (D:3)
  An ooze (D:2)
  2 worms
  A dart slug (D:1)
  5 bats
  2 giant cockroaches (D:2)
  5 goblins
  3 hobgoblins (D:1)
  3 quokkas
  3 ball pythons
  2 frilled lizards
  5 kobolds
  2 rats (D:1)
37 creatures vanquished.

Notes
Turn   | Place    | Note
-------+----------+-------------------------------------------
     0 | D:1      | Kairos the Vine Stalker Assassin began the quest for the
                  | Orb.
     0 | D:1      | Reached XP level 1. HP: 11/11 MP: 2/2
    79 | D:1      | Reached skill level 5 in Stealth
   237 | D:1      | Reached XP level 2. HP: 13/15 MP: 1/3
  1406 | D:2      | Reached XP level 3. HP: 14/18 MP: 2/4
  1417 | D:2      | Reached skill level 6 in Stealth
  1696 | D:3      | Reached skill level 1 in Dodging
  1696 | D:3      | Gained mutation: Your natural rate of healing is unusually
                  | fast. [Vine Stalker growth]
  1696 | D:3      | Reached XP level 4. HP: 20/23 MP: 3/5
  1774 | D:3      | Found a sacrificial altar of Ru.
  1821 | D:3      | Slain by an orc priest

Skill      XL: |  1  2  3 |
---------------+----------+-----
Stealth        | 5 6 |  6.6
Fighting       | 2 |  2.3
Short Blades   | 2 |  2.2
Dodging        | 1 |  1.0
Throwing       | |  1.8

Action                   |  1- 3 |  4- 6 || total
-------------------------+-------+-------++-------
Melee: Dagger            |    71 |    29 ||   100
       Bite              |     9 |     4 ||    13
  Use: Scroll            |     1 |       ||     1
 Stab: Sleeping          |     8 |     3 ||    11
       Distracted        |     1 |       ||     1
  Eat: Chunk             |     2 |     1 ||     3
Armor: Robe              |    23 |     4 ||    27
Dodge: Dodged            |    39 |    12 ||    51
